 Dungeon Crawl Stone Soup version 0.26-a0-846-gcc8f1ee719 (webtiles) character file.

Game seed: 12371729753176939103

65 leviel the Skirmisher (level 4, -5/29 HPs)
             Began as a Gargoyle Monk on Nov 19, 2020.
             Killed by divine providence
             ... invoked by an orc priest
              (14 damage)
             ... on level 2 of the Dungeon.
             The game lasted 00:02:07 (1793 turns).

leviel the Skirmisher (Gargoyle Monk)               Turns: 1793, Time: 00:02:08

Health: -5/29      AC:  9    Str: 15    XL:     4   Next: 13%
Magic:  4/4        EV: 11    Int: 11    God:
Gold:   112        SH:  0    Dex: 12    Spells: 3/3 levels left

rFire    . . .     SeeInvis .   a - +0 mace
rCold    . . .     Faith    .   (no shield)
rNeg     + . .     Spirit   .   o - +0 ring mail
rPois    ∞         Reflect  .   (no helmet)
rElec    +         Harm     .   (no cloak)
rCorr    .         Rampage  .   h - +0 pair of gloves
MR       .....                  (no boots)
Stlth    +.........             (no amulet)
HPRegen  0.09/turn              (no ring)
MPRegen  0.09/turn              (no ring)

@: no status effects
A: negative energy resistance 1, electricity resistance, unbreathing,
petrification resistance, rot immunity, AC +3
a: no special abilities


You were on level 2 of the Dungeon.
You visited 1 branch of the dungeon, and saw 3 of its levels.

You collected 112 gold pieces.

Inventory:

Hand Weapons
 a - a +0 mace (weapon)
Armour
 b - a +0 robe
 h - a +0 pair of gloves (worn)
 o - a +0 ring mail (worn)
Scrolls
 d - a scroll of fear {unknown}
 e - 2 scrolls of fog {unknown}
 i - a scroll of blinking {unknown}
 j - 2 scrolls of enchant armour {unknown}
 k - 2 scrolls of teleportation {unknown}
 m - a scroll of identify {unknown}
Potions
 c - 2 potions of curing {unknown}
 f - a potion of might {unknown}
 g - a potion of berserk rage {unknown}
 l - a potion of lignification {unknown}
 n - a potion of attraction {unknown}


   Skills:
 + Level 3.9 Fighting
 + Level 3.7 Maces & Flails
 + Level 2.9 Dodging
 + Level 2.7 Stealth


You had 3 spell levels left.
You didn't know any spells.
Your spell library was empty.

Dungeon Overview and Level Annotations

Branches:
Dungeon (3/15)

Altars:
Cheibriados


Innate Abilities, Weirdness & Mutations

You are resistant to torment.
Your stone body is resilient. (AC +3)
You are immune to poison.
You resist negative energy. (rN+)
You are resistant to electric shocks. (rElec)
You can survive without breathing.
You are immune to petrification.
You are immune to rotting.


Message History

The orc priest invokes the aid of Beogh against you.
Beogh smites you!
The orc throws a boomerang.
The boomerang hits you but does no damage.
The weapon returns to the orc!
There is a stone staircase leading up here.
You see here a frilled lizard corpse.
The orc priest hits you but does no damage.
There is a stone staircase leading up here.
You climb upwards.
There is a stone staircase leading down here.
You hit the orc priest but do no damage.
The orc priest calls down the wrath of Beogh upon you.
Beogh smites you!
* * * LOW HITPOINT WARNING * * *
You hit the orc priest but do no damage.
The orc priest misses you. The orc priest completely misses you.
You barely miss the orc priest.
The orc priest mumbles some strange prayers to Beogh against you.
Beogh smites you!
You die...

......# #...# ......#
#...# ......# #...#
..)...# ###...# ......#
#######.....# ......#
#.......#...# ..#####
#.#..####.†.# ..#
#################.#..#
#...#
(.###...........@o.......#
##.##
.#....###############.##.#
##.# ...#### #..##.# #..##
....# #.###.# #.### .##.##
##########.###.####.#..
.....#
#...........>.........#
.....#
##.########.###.####.###
.....#####..# ##...# #..#
#.# .......##..## #.)###
##.###.# #


You could see an orc priest.

Vanquished Creatures
  2 adders (D:2)
  A worm (D:2)
  A dart slug (D:1)
  An orc (D:2)
  9 bats
  4 giant cockroaches
  4 goblins
  6 hobgoblins
  3 kobolds (D:2)
  A quokka (D:2)
  3 frilled lizards
  5 rats
40 creatures vanquished.

Notes
Turn   | Place    | Note
-------+----------+-------------------------------------------
     0 | D:1      | leviel the Gargoyle Monk began the quest for the Orb.
     0 | D:1      | Reached XP level 1. HP: 14/14 MP: 1/1
   306 | D:1      | Found a snail-covered altar of Cheibriados.
   360 | D:1      | Reached XP level 2. HP: 11/19 MP: 2/2
  1006 | D:2      | Reached XP level 3. HP: 24/24 MP: 3/3
  1385 | D:2      | Reached XP level 4. HP: 25/29 MP: 4/4
  1793 | D:2      | Killed from afar by an orc priest

Illustrated notes

Levels and vault maps discovered:
D:1:      minmay_arrival_four_circles, layout_loops_ring,
          chequers_serial_rivers_micro_e, cheibriados_altar_1
D:2:      layout_rooms
D:3:      layout_basic, trog_three_pillars_becter

Action                   |  1- 3 |  4- 6 || total
-------------------------+-------+-------++-------
Melee: Mace              |   103 |    17 ||   120
 Stab: Sleeping          |     5 |       ||     5
Armor: Robe              |    34 |       ||    34
       Ring mail         |       |    12 ||    12
Dodge: Dodged            |    95 |    14 ||   109

Table legend: (Time is in decaauts)
 A = Elapsed time spent in this place.
 B = Non-inter-level travel time spent in this place.
 C = Inter-level travel time spent in this place.
 D = Time resting spent in this place.
 E = Time spent auto-exploring this place.
 F = Levels seen in this place.
 G = Mean time per level.
                   A        B        C        D        E       F      G
               +--------+--------+--------+--------+--------+-----+--------+
         Total |   1823 |   1761 |     62 |    186 |   1255 |   3 |  607.7 |
       Dungeon |   1823 |   1761 |     62 |    186 |   1255 |   3 |  607.7 |
               +--------+--------+--------+--------+--------+-----+--------+

Top non-repeatable levels by time:
     D:1: 1013 daAuts
     D:2: 797 daAuts
     D:3: 12 daAuts
